Map: Proxima Station LE

Players

souL - Winner!

  • Race: Terran Terran
  • Spawn Location: 7:00

Sevnin

  • Race: Protoss Protoss
  • Spawn Location: 1:00

Event: IEM XI Katowice - World Championship 2017

VOD

Have the link to the VOD?

Description

Time

  • Played on: Feb. 27, 2017, 10:44 a.m.
  • Length: 10:42

All games in this series

Show
View Real Time Build Order
Export as new Build Order

souL Terran - Winner!

Build Orders: Reaper Expand, MMM Bio 

Get SALT Encoding   

  12  0:00  SCV  
  13  0:13  SCV  
  14  0:20  Supply Depot  
  14  0:26  SCV  
  15  0:30  Refinery  
  15  0:41  SCV  
  16  0:45  Barracks  
  16  0:54  SCV  
  17  1:06  SCV  
  18  1:19  SCV  
  19  1:32  Reaper, Orbital Command  
  20  1:45  Command Center  
  20  1:57  Factory  
  20  2:01  SCV  
  21  2:09  Supply Depot  
  21  2:12  Barracks Reactor  
  21  2:16  SCV  
  22  2:25  Bunker  
  22  2:33  Engineering Bay  
  22  2:40  Widow Mine  
  24  2:48  Marine  
  24  2:49  Marine  
  26  2:55  SCV  
  27  3:01  Orbital Command  
  27  3:04  Missile Turret  
  27  3:06  Marine  
  27  3:07  Marine  
  30  3:13  Widow Mine  
  30  3:20  Starport  
  30  3:22  SCV  
  30  3:26  Marine  
  32  3:27  Marine  
  34  3:37  SCV  
  33  3:44  Marine, SCV  
  33  3:45  Widow Mine  
  33  3:48  Marine  
  35  3:49  SCV  
  37  3:57  SCV  
  37  4:00  Missile Turret  
  37  4:01  SCV  
  37  4:02  Marine  
  40  4:06  Marine  
  40  4:09  SCV  
  41  4:13  SCV  
  39  4:18  Medivac  
  39  4:21  SCV  
  42  4:25  Supply Depot, SCV  
  42  4:30  Marine  
  43  4:33  SCV  
  43  4:36  Factory Tech Lab  
  43  4:38  SCV  
  45  4:39  Bunker  
  45  4:43  Supply Depot  
  45  4:45  SCV  
  46  4:50  SCV  
  46  4:52  Medivac  
  49  4:53  Marine  
  49  4:57  Marine, SCV  
  52  5:01  Supply Depot  
  52  5:02  SCV  
  52  5:05  Widow Mine  
  52  5:06  Supply Depot  
  55  5:09  SCV  
  57  5:14  SCV  
  57  5:21  Marine  
  57  5:22  Barracks  
  57  5:24  Barracks  
  57  5:25  Supply Depot, SCV  
  57  5:27  SCV  
  60  5:28  Marine  
  59  5:36  Supply Depot  
  59  5:37  SCV  
  59  5:39  SCV  
  59  5:42  Marine  
  62  5:49  Widow Mine, SCV  
  59  5:50  Viking  
  59  5:52  Missile Turret  
  59  5:54  Refinery  
  59  5:55  Refinery, SCV  
  64  5:59  Marine  
  64  6:00  Marine  
  64  6:01  Supply Depot  
  64  6:03  SCV  
  65  6:13  Barracks Tech Lab x2  
  65  6:14  SCV, Barracks x2  
  66  6:21  SCV  
  67  6:28  Marine  
  67  6:29  SCV  
  67  6:30  Marine  
  67  6:31  Missile Turret  
  67  6:32  Marine x2  
  71  6:33  SCV  
  72  6:41  SCV  
  72  6:45  SCV  
  72  6:46  Marine  
  74  6:48  Marine  
  74  6:50  Marine, Combat Shields  
  74  6:51  Stimpack  
  74  6:53  SCV  
  77  6:57  SCV  
  77  7:00  Starport Reactor, Refinery  
  78  7:02  Barracks Reactor  
  78  7:03  Barracks Tech Lab  
  78  7:04  Supply Depot  
  78  7:05  SCV  
  78  7:07  Marine  
  80  7:09  SCV  
  80  7:10  Marine  
  80  7:15  Factory Reactor  
  80  7:17  SCV  
  80  7:18  Marine, Marauder  
  80  7:21  SCV  
  80  7:22  Marine  
  85  7:25  Marine  
  85  7:28  Marine  
  87  7:36  Marauder  
  89  7:38  Medivac  
  89  7:40  Marauder  
  92  7:48  Terran Infantry Weapons Level 1  
  90  7:51  Marine  
  90  7:52  Marauder, Command Center  
  90  7:57  Marauder  
  95  7:59  Marine  
  95  8:01  Marauder  
  95  8:03  Marine  
  99  8:06  Supply Depot  
  99  8:08  Widow Mine x2  
  103  8:13  Marauder  
  103  8:16  Supply Depot x2  
  103  8:17  Medivac  
  103  8:19  Marauder  
  109  8:24  Medivac  
  110  8:28  Marine x3, Marauder  
  115  8:36  Supply Depot  
  115  8:37  Supply Depot  
  115  8:38  Marine  
  115  8:39  Marauder  
  115  8:40  Widow Mine x2  
  122  8:44  SCV  
  122  8:46  Supply Depot  
  122  8:47  Marine, Marauder  
  126  8:56  Supply Depot  
  126  8:58  Marine, Marauder, Medivac  
  126  9:01  Supply Depot  
  131  9:03  Supply Depot  
  131  9:04  Marine  
  120  9:26  Marine, Marauder  
  120  9:28  Marine x2  
  120  9:29  Marine  
  126  9:33  Orbital Command  
  126  9:35  Marine, Marauder  
  126  9:36  SCV  
  128  9:39  SCV  
  128  9:43  Marine, Widow Mine  
  130  9:45  Marine  
  130  9:47  Marauder  
  130  9:48  SCV  
  130  9:49  Marine  
  127  9:53  Marauder, Medivac x2  
  127  9:58  Marauder  
  127  9:59  Missile Turret  
  132  10:00  Marine  
  132  10:01  Marine  
  132  10:04  Widow Mine  
  132  10:05  Marine  
  135  10:07  Marine  
  135  10:14  Marine  
  135  10:15  Marauder  
  135  10:18  Marine  
  135  10:19  Marine x2  
  140  10:23  Marine  
  150  10:41  Supply Depot  
  150  10:42  Supply Depot  
Show
View Real Time Build Order
Export as new Build Order

Sevnin Protoss 

Build Orders: Oracle Opening 

Get SALT Encoding   

  12  0:01  Probe (Chrono Boost)  
  13  0:11  Probe (Chrono Boost)  
  14  0:18  Pylon  
  14  0:22  Probe (Chrono Boost)  
  15  0:36  Probe (Chrono Boost)  
  15  0:38  Gateway  
  16  0:44  Assimilator  
  16  0:48  Probe (Chrono Boost)  
  17  0:54  Assimilator  
  17  0:59  Probe (Chrono Boost)  
  18  1:09  Pylon, Probe (Chrono Boost)  
  19  1:20  Probe (Chrono Boost)  
  20  1:28  Cybernetics Core  
  20  1:30  Probe (Chrono Boost)  
  21  1:37  Zealot  
  23  1:43  Probe (Chrono Boost)  
  25  1:54  Probe (Chrono Boost)  
  25  2:05  Mothership Core (Chrono Boost)  
  27  2:09  Stargate  
  27  2:11  Warp Gate  
  27  2:15  Pylon  
  27  2:19  Adept  
  29  2:44  Adept  
  31  2:57  Oracle, Probe (Chrono Boost)  
  34  3:09  Probe (Chrono Boost)  
  36  3:24  Pylon  
  36  3:26  Nexus  
  35  3:28  Oracle  
  35  3:29  Probe (Chrono Boost)  
  37  3:54  Probe (Chrono Boost)  
  37  3:57  Twilight Council  
  37  4:06  Probe (Chrono Boost)  
  37  4:08  Oracle  
  40  4:18  Probe (Chrono Boost)  
  40  4:19  Gateway  
  39  4:36  Dark Shrine  
  38  4:39  Gateway  
  38  4:42  Pylon  
  38  4:44  Probe (Chrono Boost)  
  39  4:54  Probe (Chrono Boost)  
  39  4:56  Probe (Chrono Boost)  
  41  5:05  Probe (Chrono Boost)  
  43  5:08  Probe (Chrono Boost)  
  43  5:10  Charge  
  43  5:15  Probe (Chrono Boost)  
  43  5:16  Assimilator  
  43  5:19  Assimilator  
  43  5:20  Probe (Chrono Boost)  
  45  5:26  Probe (Chrono Boost)  
  46  5:33  Probe (Chrono Boost)  
  47  5:36  Shadow Stride  
  47  5:37  Mothership Core (Chrono Boost)  
  49  5:45  Probe (Chrono Boost)  
  50  5:57  Probe x2 (Chrono Boost)  
  50  5:58  Gateway  
  50  6:00  Gateway  
  50  6:09  Probe x2 (Chrono Boost)  
  52  6:14  Robotics Facility  
  52  6:21  Probe x2 (Chrono Boost)  
  54  6:25  Adept  
  54  6:26  Adept  
  56  6:33  Probe x2 (Chrono Boost)  
  56  6:38  Dark Templar  
  55  6:45  Probe x2 (Chrono Boost)  
  54  6:57  Probe (Chrono Boost)  
  54  7:00  Probe (Chrono Boost)  
  56  7:01  Observer  
  56  7:07  Dark Templar x2  
  59  7:09  Probe (Chrono Boost)  
  59  7:13  Probe (Chrono Boost)  
  60  7:19  Dark Templar  
  60  7:20  Zealot  
  60  7:26  Probe (Chrono Boost)  
  60  7:33  Probe (Chrono Boost)  
  60  7:35  Dark Templar  
  59  7:38  Probe (Chrono Boost)  
  59  7:45  Probe (Chrono Boost)  
  59  7:50  Probe (Chrono Boost)  
  60  7:57  Probe (Chrono Boost)  
  56  7:59  Warp Prism  
  56  8:02  Probe (Chrono Boost)  
  59  8:09  Probe (Chrono Boost)  
  60  8:15  Probe (Chrono Boost)  
  60  8:19  Nexus  
  57  8:30  Dark Templar x2, Pylon  
  57  8:32  Blink  
  61  8:36  Dark Templar x2  
  61  8:41  Probe (Chrono Boost)  
  66  8:49  Observer  
  67  8:56  Pylon  
  67  8:58  Pylon  
  67  9:07  Stalker x3  
  74  9:11  Probe (Chrono Boost)  
  68  9:17  Dark Templar x2  
  54  9:28  Probe x2 (Chrono Boost)  
  55  9:34  Dark Templar  
  55  9:35  Probe (Chrono Boost)  
  55  9:40  Probe (Chrono Boost)  
  48  9:55  Dark Templar  
  48  10:01  Probe (Chrono Boost)  
  48  10:03  Probe (Chrono Boost)  
  50  10:14  Probe (Chrono Boost)  
  40  10:24  Probe x2 (Chrono Boost)  
  42  10:30  Probe (Chrono Boost)  

Tags
 
Add a new tag
Caveats
  • Supply blocks, unpowered buildings, or Contaminate may cause inaccurate times.
  • Supply counts are checked every 10 seconds.